 Dungeon Crawl Stone Soup version 0.30.0-3-ga4e48a9924 (webtiles) character file.

Game seed: 11391102618689920965

253 Inkenn the Gusty (level 6, 0/28 HPs)
             Began as a Vine Stalker Air Elementalist on May 7, 2023.
             Was a Follower of Vehumet.
             Slain by an orc
             ... wielding a +0 trident
              (3 damage)
             ... on level 4 of the Dungeon.
             The game lasted 00:07:54 (3462 turns).

Inkenn the Gusty (Vine Stalker Air Elementalist)    Turns: 3462, Time: 00:07:55

Health: 0/28       AC:  2    Str: 10    XL:     6   Next: 14%
Magic:  0/13       EV: 12    Int: 17    God:    Vehumet [*.....]
Gold:   210        SH:  0    Dex: 15    Spells: 10/13 levels left

rFire   . . .        g - +3 short sword (venom)
rCold   . . .        (no shield)
rNeg    . . .        a - +0 robe
rPois   .            (no helmet)
rElec   .            (no cloak)
rCorr   .            (no gloves)
SInv    .            (no boots)
Will    .....        n - amulet of guardian spirit
Stlth   ++           (no ring)
HPRegen 1.04/turn    (no ring)
MPRegen 0.13/turn

%: guardian spirit
@: no status effects
A: fangs 2, regeneration 1, magic shield, antimagic bite, no potion heal 2
a: Renounce Religion


You were on level 4 of the Dungeon.
You worshipped Vehumet.
Vehumet was aware of your devotion.
You visited 1 branch of the dungeon, and saw 4 of its levels.

You collected 210 gold pieces.

Inventory:

Hand Weapons
 g - a +3 short sword of venom (weapon)
Armour
 a - a +0 robe (worn)
Jewellery
 n - an amulet of guardian spirit (around neck)
Wands
 c - a wand of polymorph (7)
Scrolls
 e - 3 scrolls of immolation {unknown}
 h - 3 scrolls of teleportation
 i - a scroll of amnesia
 m - a scroll of noise {unknown}
 o - a scroll of identify
 r - a scroll of torment {unknown}
 t - a scroll of vulnerability {unknown}
Potions
 b - a potion of magic
 d - a potion of lignification {unknown}
 f - 5 potions of curing
 j - a potion of cancellation {unknown}
 k - a potion of mutation {unknown}
 l - 4 potions of heal wounds {unknown}
 p - 2 potions of might {unknown}
 q - a potion of haste {unknown}
 s - a potion of ambrosia {unknown}
 u - a potion of flight {unknown}


   Skills:
 - Level 2.0 Dodging
 - Level 2.5 Stealth
 * Level 4.2 Spellcasting
 + Level 3.0 Conjurations
 + Level 4.3 Air Magic


You had 10 spell levels left.
You knew the following spells:

 Your Spells              Type           Power      Damage    Failure   Level
a - Shock                 Conj/Air       64%        1d7       3%          1
b - Static Discharge      Conj/Air       32%        2-4/arc   4%          2

Your spell library contained the following spells:

 Spells                   Type           Power      Damage    Failure   Level
 Sandblast                Erth           6%         2d5       16%         1
 Magic Dart               Conj           52%        1d5       4%          1
 Swiftness                Air            18%        N/A       8%          3
 Beastly Appendage        Tmut           6%         N/A       16%         1
 Mephitic Cloud           Conj/Pois/Air  12%        N/A       17%         3
 Call Imp                 Summ           6%         N/A       24%         2
 Ensorcelled Hibernation  Hex/Ice        6%         N/A       24%         2
 Lesser Beckoning         Tloc           6%         N/A       24%         2
 Wereblood                Tmut           3%         N/A       24%         2
 Airstrike                Air            9%         2d(2-18)  26%         4
 Gell's Gravitas          Tloc           3%         N/A       43%         3
 Spider Form              Tmut/Pois      3%         N/A       43%         3
 Teleport Other           Tloc           3%         N/A       43%         3
 Anguish                  Hex/Necr       1%         N/A       83%         4


Dungeon Overview and Level Annotations

Branches:
Dungeon (4/15)
 Temple: D:4-7

Altars:
Vehumet


Innate Abilities, Weirdness & Mutations

You have extremely sharp teeth.
Your natural rate of healing is unusually fast.
When hurt, damage is shared between your health and your magic reserves.
Your bite disrupts and absorbs the magic of your enemies.
Potions cannot restore your health.


Message History

The orc barely misses you.
You puncture the orc priest!
You kill the orc priest!
Vehumet accepts your kill. The orc hits you with a +0 flail!
* * * LOW HITPOINT WARNING * * *
The orc closely misses you.
Your Conjurations skill increases to level 3!
You have reached level 6!
Casting: Shock (safe; 3% risk of failure)
Confirm with . or Enter, or press ? or * to list all spells.
The orc is struck by an arc of lightning.
The orc is heavily wounded.
You are struck by an arc of lightning.
* * * LOW HITPOINT WARNING * * *
The lightning grounds out.
The orc misses you. The orc closely misses you.
You hit the orc.
The orc is almost dead.
The orc misses you. The orc hits you with a +0 hand axe.
* * * LOW HITPOINT WARNING * * *
The orc attacks as you move away! The orc closely misses you.
The orc attacks as you move away! The orc barely misses you.
An orc comes into view. It is wielding a +0 hand axe.
The orc throws a boomerang.
The boomerang hits you.
* * * LOW HITPOINT WARNING * * *
You hit the orc.
The orc is poisoned.
You bite the orc.
You kill the orc!
Vehumet accepts your kill. The orc closely misses you.
You are too injured to fight recklessly!
You are too injured to fight recklessly!
You hit the orc.
You kill the orc!
Vehumet accepts your kill.
You feel your power returning.
An orc comes into view. It is wielding a +0 club.
The orc hits you with a +0 flail.
* * * LOW HITPOINT WARNING * * *
The orc hits you from afar with a +0 trident.
You die...

...........).# #....#
.....#...##..# ..#...#
.....##..##..###.......#
.>...##..#.............#
.....#......#†.##.....##
........##..##.##.......
........##.##....# .....
......####..###..#......
#.....# #..##..)@o......
#.....# ##.....o)#......
.......# #.....o##.o....
...#............# ..##.
#####.##.##.....# ..)#
#.# .#..##.## ..# ..
.... #. ... ... #. .. #.


You could see 4 orcs.

Vanquished Creatures
  2 scorpions
  An orc priest (D:4)
  Terence (D:3)
  2 adders
  A gnoll (D:3)
  2 worms
  2 dart slugs (D:2)
  8 orcs
  2 endoplasms (D:3)
  A giant cockroach (D:1)
  7 goblins
  A hobgoblin (D:3)
  A quokka (D:2)
  2 ball pythons
  3 bats
  4 frilled lizards
  4 kobolds
  3 rats
  A spectral kobold (D:1)
48 creatures vanquished.

Notes
Turn   | Place    | Note
-------+----------+-------------------------------------------
     0 | D:1      | Inkenn the Vine Stalker Air Elementalist began the quest
                  | for the Orb.
     0 | D:1      | Reached XP level 1. HP: 9/9 MP: 4/4
    12 | D:1      | Found a faded altar of an unknown god.
   487 | D:1      | Reached XP level 2. HP: 12/12 MP: 3/6
  1057 | D:2      | Found the +8 trident of the Octopus King {venom, rElec
                  | rPois}
  1161 | D:2      | Found a radiant altar of Vehumet.
  1180 | D:2      | Became a worshipper of Vehumet
  1528 | D:2      | Noticed a scorpion
  1536 | D:2      | Killed a scorpion
  1537 | D:2      | Reached XP level 3. HP: 11/16 MP: 0/8
  1537 | D:2      | Gained mutation: Your natural rate of healing is unusually
                  | fast. [Vine Stalker growth]
  1537 | D:2      | Reached XP level 4. HP: 15/21 MP: 0/9
  2167 | D:3      | Noticed Terence
  2204 | D:3      | Killed Terence
  2300 | D:3      | Reached XP level 5. HP: 22/24 MP: 9/11
  2997 | D:3      | Reached * piety under Vehumet
  2997 | D:3      | Offered knowledge of Sandblast by Vehumet.
  3040 | D:3      | Learned a level 2 spell: Static Discharge
  3458 | D:4      | Reached XP level 6. HP: 9/28 MP: 4/13
  3462 | D:4      | Slain by an orc

Illustrated notes

Levels and vault maps discovered:
D:1:      amcnicky_arrival_gap_in_the_tavern_cellar, layout_basic,
          dreamdust_ecumenical_altar_drowned_temple, minmay_split_cup_small
D:2:      layout_loops_corners, basic_altar
D:3:      layout_loops_corners, minmay_joined_circles, uniq_terence
D:4:      layout_cave_pools, corner_web_ring, nicolae_shop_gadgets

Skill      XL: |  1  2  3  4  5 |
---------------+----------------+-----
Dodging        | 2 |  2.0
Conjurations   | 2 3 |  3.0
Spellcasting   | 3 4 |  4.2
Air Magic      | 4 |  4.3
Stealth        | |  2.5

Action                     |  1- 3 |  4- 6 || total
---------------------------+-------+-------++-------
  Melee: Unarmed           |    52 |       ||    52
         Bite              |    15 |     5 ||    20
         Short sword       |     2 |    31 ||    33
   Cast: Shock             |    30 |    51 ||    81
         Static Discharge  |       |     2 ||     2
    Use: Scroll            |       |     5 ||     5
   Stab: Sleeping          |     1 |       ||     1
 Armour: Robe              |    10 |     2 ||    12
         Skin              |       |     1 ||     1
  Dodge: Dodged            |    27 |    20 ||    47
